 Dungeon Crawl Stone Soup version 0.25-a0-634-gd1561dc703 (webtiles) character file.

Game seed: 583613996671207170, levelgen mode: deterministic

23 An17 the Covered (level 2, 0/22 HPs)
             Began as a Demonspawn Wanderer on Mar 20, 2020.
             Slain by an adder (3 damage)
             ... on level 2 of the Dungeon.
             The game lasted 00:02:22 (762 turns).

An17 the Covered (Demonspawn Wanderer)               Turns: 762, Time: 00:02:22

Health: 0/22       AC: 11    Str: 11    XL:     2   Next: 72%
Magic:  3/3        EV: 11    Int: 11    God:
Gold:   31         SH:  0    Dex: 15    Spells: 3/3 levels left

rFire    . . .     SeeInvis .   a - +0 mace
rCold    . . .     Gourm    .   (no shield)
rNeg     . . .     Faith    .   b - +2 scale mail
rPois    .         Spirit   .   (no helmet)
rElec    .         Reflect  .   i - +1 cloak
rCorr    .         Harm     .   (no gloves)
MR       .....                  (no boots)
Stlth    ..........             (no amulet)
HPRegen  0.07/turn              h - +3 ring of evasion
MPRegen  0.08/turn              (no ring)

@: lethally poisoned (0 -> -4)
A: hooves 1
a: no special abilities


You were on level 2 of the Dungeon.
You were not hungry.

You visited 1 branch of the dungeon, and saw 2 of its levels.

You collected 31 gold pieces.

Inventory:

Hand Weapons
 a - a +0 mace (weapon)
Armour
 b - a +2 scale mail (worn)
 i - a +1 cloak (worn)
Jewellery
 h - a +3 ring of evasion (left hand)
Wands
 c - a wand of random effects (15)
Scrolls
 k - a scroll of remove curse
Potions
 e - a potion of berserk rage
 f - a potion of ambrosia {unknown}
 g - a potion of flight {unknown}
 j - a potion of haste {unknown}
Comestibles
 d - 2 rations


   Skills:
 + Level 2.2 Fighting
 + Level 3.4 Armour
 + Level 0.1 Dodging
 - Level 1.0 Spellcasting
   Level 1.0 Summonings
   Level 1.0 Air Magic
 + Level 2.1 Evocations


You had 3 spell levels left.
You didn't know any spells.
Your spell library was empty.

Dungeon Overview and Level Annotations

Branches:
Dungeon (2/15)

Altars:


Innate Abilities, Weirdness & Mutations

You have large cloven feet.


Message History

* * * LOW HITPOINT WARNING * * *
You feel sick. The adder bites you but does no damage.
The adder barely misses you.
You miss the adder.
* * * LOW HITPOINT WARNING * * *
You feel sick. The adder closely misses you. x2
You hit the adder.
The adder is heavily wounded.
The adder closely misses you. The adder bites you but does no damage.
You hit the adder. Your kick misses the adder.
The adder is severely wounded.
* * * LOW HITPOINT WARNING * * *
You feel sick. The adder barely misses you.
You closely miss the adder. Your kick misses the adder.
The adder is severely wounded.
The adder barely misses you. The adder closely misses you.
You hit the adder but do no damage. Your kick misses the adder.
The adder is severely wounded.
The adder bites you.
You die...

.###.#..#.#
...)....(.#
>...).....#
#.........#
........#
......# #
#S.#.#.#
#.@..#.#
#......#
#....#.#[#
###.##.# #
#. #.# #.
#.# #. #.#
#. #.# #.#


You could see an adder.

Vanquished Creatures
  An adder (D:2)
  A dart slug (D:1)
  2 leopard geckos
  2 goblins (D:1)
  A hobgoblin (D:1)
  2 frilled lizards
  2 kobolds (D:1)
11 creatures vanquished.

Notes
Turn   | Place    | Note
-------+----------+-------------------------------------------
     0 | D:1      | An17 the Demonspawn Wanderer began the quest for the Orb.
     0 | D:1      | An17 set off with the following items: a +0 mace, a +2
                  | scale mail, a wand of random effects (15), a ration
     0 | D:1      | Reached XP level 1. HP: 16/16 MP: 2/2
   237 | D:1      | Reached skill level 3 in Armour
   256 | D:1      | Gained mutation: You have large cloven feet. [demonic
                  | ancestry]
   256 | D:1      | Reached XP level 2. HP: 20/22 MP: 3/3
   762 | D:2      | Slain by an adder

Levels and vault maps discovered:
D:1:      psy_arrival_whirlpool, layout_basic, minmay_pentomino_t4
D:2:      layout_basic, lemuel_round_altar, uniq_crazy_yiuf_cottage

Skill      XL: |  1 |
---------------+----+-----
Armour         | 3 |  3.4
Fighting       | |  2.2
Dodging        | |  0.1
Spellcasting   | |  1.0
Summonings     | |  1.0
Air Magic      | |  1.0
Evocations     | |  2.1

Action                   || total
-------------------------++-------
Melee: Mace              ||    54
       Kick              ||     2
  Use: Scroll            ||     4
Armor: Scale mail        ||    25
Dodge: Dodged            ||    37

Table legend:
 A = Non-vault XP
 B = Vault XP
 C = Vault XP percentage of total XP
 D = Non-vault monster count
 E = Vault monster count
 F = Vault count percentage of total count
                 A         B        C        D         E       F
            +---------+---------+-------+---------+---------+-------
      Total |      29 |       4 |  12.1 |       8 |       3 |  27.3
            +---------+---------+-------+---------+---------+-------
        D:1 |      12 |       4 |  25.0 |       5 |       3 |  37.5
        D:2 |      17 |       0 |   0.0 |       3 |       0 |   0.0
            +---------+---------+-------+---------+---------+-------
